 Dungeon Crawl Stone Soup version 0.23.1 (webtiles) character file.

Game seed: 5528959702903700418

15 Monsterracer the Insei (level 2, -1/22 HPs)
             Began as a Merfolk Transmuter on Mar 2, 2019.
             Slain by a gnoll (7 damage)
             ... on level 1 of the Dungeon.
             The game lasted 00:00:34 (270 turns).

Monsterracer the Insei (Merfolk Transmuter)          Turns: 270, Time: 00:00:35

Health: -1/22      AC:  2    Str: 10    XL:     2   Next: 50%
Magic:  5/5        EV: 13    Int: 12    God:
Gold:   0          SH:  0    Dex: 14    Spells: 4/5 levels left

rFire    . . .     SeeInvis .     - Unarmed
rCold    . . .     Gourm    .   (no shield)
rNeg     . . .     Faith    .   b - +0 robe
rPois    .         Spirit   .   (no helmet)
rElec    .         Reflect  .   (no cloak)
rCorr    .         Harm     .   (no gloves)
MR       .....                  (no boots)
Stlth    +.........             (no amulet)
HPRegen  0.07/turn              (no ring)
MPRegen  0.09/turn              (no ring)

@: no status effects
A: change form in water, swift swim, stealthy swim
a: no special abilities


You were on level 1 of the Dungeon.
You were not hungry.

You visited 1 branch of the dungeon, and saw 1 of its levels.


   Skills:
 + Level 1.7 Fighting
 - Level 2.6 Dodging
 * Level 3.9 Unarmed Combat
 - Level 2.0 Spellcasting
 - Level 2.6 Transmutations


You had 4 spell levels left.
You knew the following spells:

 Your Spells              Type           Power        Failure   Level  Hunger
j - Beastly Appendage     Tmut           #.....       9%          1    ##.....

Your spell library contained the following spells:

 Spells                   Type           Power        Failure   Level  Hunger
 Sticks to Snakes         Tmut           #.......     14%         2    ###....
 Spider Form              Tmut/Pois      #.........   43%         3    ####...
 Ice Form                 Ice/Tmut       #.......     83%         4    #####..
 Blade Hands              Tmut           #.........   94%         5    ######.

Inventory:

Missiles
 a - 12 arrows
Armour
 b - a +0 robe (worn)
Comestibles
 c - a ration

Dungeon Overview and Level Annotations

Branches:
Dungeon (1/15)

Altars:

#..............#...#####.#
#####.######.#...#†.......
####.#### #####...#####.#
#.......# #...# ##.....÷.##
###...### #.........##
#.......##.. #............#
#...........
#.#.........g###..)....##..
# #..........@....).†......
#....................##..
#.###.###..#........... $
#. #. #..####.......... #.
#..# #....#.#... ...#
#........#g ###.#
##.$...... ..# ###..


You could see a gnoll.


Message History

You take 1 damage, and have 20/21 hp.
You closely miss the goblin. Your punch misses the goblin.
The goblin is moderately wounded.
The goblin closely misses you.
You hit the goblin.
The goblin is heavily wounded.
The goblin hits you.
You take 1 damage, and have 19/21 hp.
A goblin is nearby!
You hit the goblin.
The goblin is severely wounded.
The goblin hits you.
You take 3 damage, and have 16/21 hp.
You hit the goblin.
You kill the goblin!
Key pressed, stopping explore.
No target in view!
You regained 3 hp, and now have 19/21 hp.
A kobold comes into view. It is wielding a +0 short sword.
Health restored: 21 The kobold shouts!
A ball python comes into view.
A frilled lizard comes into view.
The frilled lizard hisses angrily.
The ball python hisses angrily.
You hear an angry hiss.
A frilled lizard comes into view.
A rat comes into view.
You closely miss the kobold. You punch the kobold.
You kill the kobold!
A rat comes into view.
Found 17 gold pieces.
You hit the ball python.
You kill the ball python!
A gnoll comes into view.
Health restored: 22
Found 11 gold pieces.
The frilled lizard unfolds its giant frill.
You see here a bat corpse.
You miss the frilled lizard. The frilled lizard closely misses you.
You barely miss the frilled lizard. You miss the frilled lizard.
The frilled lizard closely misses you.
You closely miss the frilled lizard. The frilled lizard barely misses you.
You barely miss the frilled lizard. The frilled lizard barely misses you.
You hit the frilled lizard but do no damage.
The frilled lizard bites you.
You take 2 damage, and have 20/22 hp.
You miss the frilled lizard. The frilled lizard barely misses you.
You hit the frilled lizard.
You kill the frilled lizard!
You barely miss the rat.
The gnoll shouts!
You punch the rat.
The rat is severely wounded.
The rat bites you but does no damage.
You hit the rat.
You kill the rat!
You miss the frilled lizard. The frilled lizard barely misses you.
You closely miss the frilled lizard. The frilled lizard barely misses you.
You hit the frilled lizard.
You kill the frilled lizard!
You hit the rat.
You kill the rat!
You barely miss the gnoll. The gnoll misses you.
You hit the gnoll.
The gnoll is moderately wounded.
The gnoll hits you!
You take 7 damage, and have 13/22 hp.
MASSIVE DAMAGE!!
You are too injured to fight recklessly!
You are too injured to fight recklessly!
You hit the gnoll but do no damage.
The gnoll is moderately wounded.
The gnoll closely misses you.
You are too injured to fight recklessly!
You hit the gnoll.
The gnoll is heavily wounded.
The gnoll hits you.
* * * LOW HITPOINT WARNING * * *
You take 5 damage, and have 9/22 hp.
MASSIVE DAMAGE!!
You barely miss the gnoll.
The gnoll is heavily wounded.
The gnoll barely misses you.
You barely miss the gnoll.
The gnoll is heavily wounded.
You barely miss the gnoll.
The gnoll is heavily wounded.
The gnoll hits you.
* * * LOW HITPOINT WARNING * * *
You take 5 damage, and have 4/22 hp.
MASSIVE DAMAGE!!
Unknown command.
The gnoll misses you.
You see here a bat corpse.
You see here a bat corpse.
You see here a dart slug corpse.
The gnoll hits you.
* * * LOW HITPOINT WARNING * * *
You take 3 damage, and have 4/22 hp.
Unknown command.
You see here a bat corpse.
You see here a dart slug corpse.
The gnoll hits you!
You die...

Action                   || total
-------------------------++-------
Melee: Unarmed           ||    48
       Punch             ||     3
 Stab: Sleeping          ||     1
Armor: Robe              ||     7
Dodge: Dodged            ||    29

Levels and vault maps discovered:
D:1:      dpeg_arrival_tiny_c, layout_loops_ring, minmay_domino_4

Notes
Turn   | Place    | Note
-------+----------+-------------------------------------------
     0 | D:1      | Monsterracer the Merfolk Transmuter began the quest for the
                  | Orb.
     0 | D:1      | Reached XP level 1. HP: 15/15 MP: 3/3
    23 | D:1      | Reached XP level 2. HP: 19/21 MP: 5/5
   186 | D:1      | HP: 9/22 [gnoll (5)]
   189 | D:1      | HP: 4/22 [gnoll (5)]
   236 | D:1      | HP: 4/22 [gnoll (3)]
   270 | D:1      | Slain by a gnoll

Vanquished Creatures
  2 dart slugs (D:1)
  A goblin (D:1)
  A hobgoblin (D:1)
  A kobold (D:1)
  A ball python (D:1)
  3 bats (D:1)
  2 frilled lizards (D:1)
  2 rats (D:1)
13 creatures vanquished.

Table legend:
 A = Turns spent in this place as a percentage of turns spent in the entire game.
 B = Non-inter-level travel turns spent in this place as a percentage of non-inter-level travel turns spent in the entire game.
 C = Inter-level travel turns spent in this place as a percentage of turns spent in this place.
 D = Turns resting spent in this place as a percentage of non-inter-level travel turns spent in this place.
 E = Turns spent auto-exploring this place as a percentage of non-inter-level travel turns spent in this place.
 F = Non-inter-level travel turns spent in this place divided by the number of levels of this place that you've seen.
                   A       B       C       D       E      F
               +-------+-------+-------+-------+-------+----------------------
         Total | 100.0 | 100.0 |   0.0 |   0.0 |  41.1 | 270.0
       Dungeon | 100.0 | 100.0 |   0.0 |   0.0 |  41.1 | 270.0
               +-------+-------+-------+-------+-------+----------------------

Table legend:
 A = Non-vault XP
 B = Vault XP
 C = Vault XP percentage of total XP
 D = Non-vault monster count
 E = Vault monster count
 F = Vault count percentage of total count
                 A         B        C        D         E       F
            +---------+---------+-------+---------+---------+-------
      Total |      22 |       0 |   0.0 |      13 |       0 |   0.0
            +---------+---------+-------+---------+---------+-------
        D:1 |      22 |       0 |   0.0 |      13 |       0 |   0.0
            +---------+---------+-------+---------+---------+-------
